 Dungeon Crawl Stone Soup version 0.31-a0-1001-g770356a28f (webtiles) character file.

Game seed: 18212763242468513276

13 Armakuni the Trooper (level 2, -1/18 HPs)
             Began as a Deep Elf Fighter on Nov 8, 2023.
             Was a Follower of Uskayaw.
             Slain by Terence
             ... wielding a +0 morningstar
              (7 damage)
             ... on level 2 of the Dungeon.
             The game lasted 00:02:01 (331 turns).

Armakuni the Trooper (Deep Elf Fighter)              Turns: 331, Time: 00:02:02

Health: -1/18      AC:  6    Str: 13    XL:     2   Next: 24%
Magic:  4/4        EV:  8    Int: 12    God:    Uskayaw [*.....]
Gold:   12         SH:  4    Dex: 14    Spells: 1/1 levels left

rFire   . . .        a - +0 long sword
rCold   . . .        c - +0 buckler
rNeg    . . .        b - +0 scale mail
rPois   .            (no helmet)
rElec   .            (no cloak)
rCorr   .            (no gloves)
SInv    .            (no boots)
Will    .....        (no amulet) Stlth
                     (no ring)
HPRegen 0.23/turn    (no ring)
MPRegen 0.09/turn

%: no passive effects
@: no status effects
A: no striking features
a: Renounce Religion, Stomp


You were on level 2 of the Dungeon.
You worshipped Uskayaw.
Uskayaw was noncommittal.
You visited 1 branch of the dungeon, and saw 2 of its levels.

You collected 12 gold pieces.

Inventory:

Hand Weapons
 a - a +0 long sword (weapon)
Missiles
 f - 2 javelins
Armour
 b - a +0 scale mail (worn)
 c - a +0 buckler (worn)
Scrolls
 e - a scroll of noise {unknown}
 g - a scroll of teleportation {unknown}
 h - 3 scrolls of poison {unknown}
 i - a scroll of fear {unknown}
 k - a scroll of amnesia {unknown}
Potions
 d - a potion of might
 j - a potion of magic {unknown}


   Skills:
 * Level 2.9 Fighting
 - Level 1.7 Long Blades
 - Level 2.4 Armour
 + Level 2.6 Shields


You had one spell level left.
You didn't know any spells.
Your spell library contained the following spells:

 Spells                   Type           Power      Damage    Failure   Level
 Chain Lightning          Conj/Air       0%         N/A       100%        9
 Fire Storm               Conj/Fire      0%         5d1       100%        9
 Shatter                  Erth           0%         3d5*      100%        9


Dungeon Overview and Level Annotations

Branches:
Dungeon (2/15)

Altars:
Uskayaw

Annotations:
D:2 Terence


Message History

There is a stone staircase leading down here.
You climb downwards.
Found an inky potion.
There is a stone staircase leading up here.
The bat barely misses you. The bat hits you but does no damage.
You closely miss the bat. The bat hits you but does no damage.
You block the bat's attack. The bat hits you but does no damage.
The bat closely misses you.
You see here an inky potion.
You hit the bat.
You kill the bat!
j - an inky potion A giant cockroach comes into view.
Found a scroll labelled SAZENO VUNU and a robe.
The giant cockroach bites you but does no damage.
You closely miss the giant cockroach. The giant cockroach barely misses you.
The giant cockroach bites you but does no damage.
You hit the giant cockroach.
The giant cockroach is moderately wounded.
The giant cockroach barely misses you.
You hit the giant cockroach.
You kill the giant cockroach!
No target in view!
No target in view!
No target in view!
Terence the Incautious comes into view.
He is wielding a +0 morningstar.
Terence shouts!
You see here a giant cockroach corpse.
Found 9 gold pieces and a robe.
Terence hits you with a +0 morningstar!
Ouch! That really hurt!
You see here a scroll labelled SAZENO VUNU.
k - a scroll labelled SAZENO VUNU Terence completely misses you.
Terence says, "Time to say good-bye..."
You see here a giant cockroach corpse.
You hit Terence but do no damage. Terence hits you with a +0 morningstar.
Terence hits you with a +0 morningstar!
You die...
Terence says, "Rest in peace."

#..$[.....
#.##........ ...
#.##.......# ...
#.##.......# ..#
#.##.......# #.#
#.##.....[.# #.#
#.##.......# #.#
#.####@##.#...#
#.# ####.###@.# .#
###
#.####........##
..
####..##..##.#####
.##
.................
.#
#####............
..
##..........#####
#..####.##.....
##.## #.###..##
...# ### ....#


You could see Terence.

Vanquished Creatures
  2 bats
  An endoplasm (D:1)
  A giant cockroach (D:2)
  2 goblins (D:1)
  3 hobgoblins (D:1)
  2 frilled lizards (D:1)
11 creatures vanquished.

Notes
Turn   | Place    | Note
-------+----------+-------------------------------------------
     0 | D:1      | Armakuni the Deep Elf Fighter began the quest for the Orb.
     0 | D:1      | Reached XP level 1. HP: 13/13 MP: 3/3
   166 | D:1      | Reached XP level 2. HP: 18/18 MP: 4/4
   255 | D:1      | Found a faded altar of an unknown god.
   264 | D:1      | Prayed at the altar of an unknown god.
   264 | D:1      | Became a worshipper of Uskayaw the Reveller
   264 | D:1      | Reached * piety under Uskayaw
   323 | D:2      | Noticed Terence
   331 | D:2      | Slain by Terence

Illustrated notes

Levels and vault maps discovered:
D:1:      shiori_arrival_elements, layout_basic,
          shapermc_ecumenical_altar_mp_urbaneastern
D:2:      layout_rooms, basic_altar, minmay_puff, uniq_terence

Action                     || total
---------------------------++-------
  Melee: Long sword        ||    40
 Armour: Scale mail        ||    25
  Dodge: Dodged            ||    18
  Block: Buckler           ||     7

Table legend: (Time is in decaauts)
 A = Elapsed time spent in this place.
 B = Non-inter-level travel time spent in this place.
 C = Inter-level travel time spent in this place.
 D = Time resting spent in this place.
 E = Time spent auto-exploring this place.
 F = Levels seen in this place.
 G = Mean time per level.
                   A        B        C        D        E       F      G
               +--------+--------+--------+--------+--------+-----+--------+
         Total |    345 |    328 |     17 |      0 |    173 |   2 |  172.5 |
       Dungeon |    345 |    328 |     17 |      0 |    173 |   2 |  172.5 |
               +--------+--------+--------+--------+--------+-----+--------+

Top non-repeatable levels by time:
     D:1: 298 daAuts
     D:2: 46 daAuts
